Unix NetHack Version 3.7.0-65 Work-in-progress - last build Sep 26 2022 05:48:34 (a9070be95fe145525c880ceec589f5104d392f49,branch:master).

Game began 2022-09-26 14:08:58, ended 2022-09-26 15:37:48.

Gandelf, neutral male human Monk

  
stone
stone
stone
stone
stone
stone
stone
stone
stone
stone
stone
stone
stone
stone
stone
stone
stone
stone
stone
stone
stone
stone
stone
stone
stone
stone
stone
stone
stone
stone
stone
stone
stone
stone
stone
stone
stone
stone
stone
stone
stone
stone
stone
stone
stone
stone
stone
stone
stone
stone
stone
stone
stone
stone
stone
stone
stone
stone
stone
stone
stone
stone
stone
stone
stone
stone
stone
stone
stone
stone
stone
stone
stone
stone
stone
stone
stone
stone
stone
stone
stone
stone
stone
stone
stone
stone
stone
stone
stone
stone
stone
stone
stone
stone
stone
stone
stone
stone
stone
stone
stone
stone
stone
stone
stone
stone
stone
stone
stone
stone
stone
stone
stone
stone
stone
stone
stone
stone
stone
stone
stone
stone
stone
stone
stone
stone
stone
stone
stone
stone
stone
stone
stone
stone
stone
stone
stone
stone
stone
stone
stone
stone
stone
stone
stone
stone
stone
stone
stone
stone
stone
stone
stone
stone
stone
stone
stone
stone
stone
stone
stone
stone
stone
stone
stone
stone
stone
stone
stone
stone
stone
stone
stone
stone
stone
stone
stone
stone
stone
stone
stone
stone
stone
stone
stone
stone
stone
stone
stone
stone
stone
stone
stone
stone
stone
stone
stone
stone
stone
stone
stone
stone
stone
stone
stone
stone
stone
stone
stone
stone
stone
stone
stone
stone
stone
stone
stone
stone
stone
stone
stone
stone
stone
stone
stone
stone
stone
stone
stone
stone
stone
stone
stone
stone
stone
stone
stone
stone
stone
stone
stone
stone
stone
stone
stone
stone
stone
stone
stone
stone
stone
stone
stone
stone
stone
stone
stone
stone
stone
stone
stone
stone
stone
stone
stone
stone
stone
stone
stone
stone
stone
stone
stone
stone
stone
stone
stone
stone
stone
stone
stone
stone
stone
stone
stone
stone
stone
stone
stone
stone
stone
stone
stone
stone
stone
stone
stone
stone
stone
stone
stone
stone
stone
stone
stone
stone
stone
stone
stone
stone
stone
stone
stone
stone
stone
stone
stone
stone
stone
stone
stone
stone
stone
stone
stone
stone
stone
stone
stone
stone
stone
stone
stone
stone
stone
stone
stone
stone
stone
stone
stone
stone
stone
stone
stone
stone
stone
stone
stone
stone
stone
stone
stone
stone
stone
stone
stone
stone
stone
stone
stone
stone
stone
stone
stone
stone
stone
stone
stone
stone
stone
stone
stone
stone
stone
stone
stone
stone
stone
stone
stone
stone
stone
stone
stone
stone
stone
stone
stone
stone
stone
stone
stone
stone
stone
stone
stone
stone
stone
stone
stone
stone
stone
stone
stone
stone
stone
stone
stone
stone
stone
stone
stone
stone
stone
stone
stone
stone
stone
stone
stone
stone
stone
stone
stone
wall
wall
wall
wall
wall
wall
wall
stone
stone
stone
stone
stone
stone
stone
stone
stone
stone
stone
stone
stone
stone
stone
stone
stone
stone
stone
stone
stone
stone
stone
stone
stone
stone
stone
stone
stone
stone
stone
stone
stone
stone
stone
stone
stone
stone
stone
stone
stone
stone
stone
stone
stone
stone
stone
stone
stone
stone
stone
stone
stone
stone
stone
stone
stone
stone
stone
stone
stone
stone
stone
stone
stone
stone
stone
stone
wall
wall
wall
wall
wall
.dark part of a room
.dark part of a room
wall
.floor of a room
.floor of a room
wall
stone
stone
stone
stone
stone
stone
stone
stone
stone
stone
stone
stone
stone
stone
stone
stone
stone
stone
stone
stone
stone
stone
stone
stone
stone
stone
stone
stone
stone
stone
stone
stone
stone
stone
stone
stone
stone
stone
stone
stone
stone
stone
stone
stone
stone
stone
stone
stone
stone
stone
stone
stone
stone
stone
stone
stone
stone
stone
stone
stone
stone
stone
stone
stone
stone
stone
stone
stone
wall
.dark part of a room
.dark part of a room
.dark part of a room
.dark part of a room
.dark part of a room
.floor of a room
.floor of a room
.floor of a room
.floor of a room
wall
wall
wall
wall
wall
wall
wall
wall
wall
wall
wall
wall
wall
wall
wall
wall
stone
stone
stone
stone
stone
stone
stone
stone
stone
stone
stone
stone
stone
stone
stone
stone
stone
stone
stone
stone
stone
stone
stone
stone
stone
stone
stone
stone
stone
stone
stone
stone
stone
stone
stone
stone
stone
stone
stone
stone
stone
stone
stone
stone
stone
stone
stone
stone
stone
stone
stone
stone
stone
wall
.dark part of a room
.dark part of a room
.dark part of a room
wall
.dark part of a room
0a boulder
.dark part of a room
wall
utame pony
@human monk called Gandelf
.floor of a room
.floor of a room
^hole
^hole
^hole
^hole
^hole
^hole
^hole
^hole
^hole
^hole
^hole
.floor of a room
wall
stone
stone
stone
stone
stone
stone
stone
stone
stone
stone
stone
stone
stone
stone
stone
stone
stone
stone
stone
stone
stone
stone
stone
stone
stone
stone
stone
stone
stone
stone
stone
stone
stone
stone
stone
stone
stone
stone
stone
stone
stone
stone
stone
stone
stone
stone
stone
stone
stone
stone
stone
stone
stone
wall
.dark part of a room
wall
wall
wall
0a boulder
wall
.dark part of a room
.dark part of a room
0a boulder
0a boulder
.floor of a room
wall
wall
wall
wall
wall
wall
wall
wall
wall
wall
wall
wall
+closed door
wall
stone
stone
stone
stone
stone
stone
stone
stone
stone
stone
stone
stone
stone
stone
stone
stone
stone
stone
stone
stone
stone
stone
stone
stone
stone
stone
stone
stone
stone
stone
stone
stone
stone
stone
stone
stone
stone
stone
stone
stone
stone
stone
stone
stone
stone
stone
stone
stone
stone
stone
stone
stone
stone
wall
.dark part of a room
.dark part of a room
0a boulder
.dark part of a room
.dark part of a room
.dark part of a room
0a boulder
.dark part of a room
wall
.dark part of a room
wall
wall
stone
stone
wall
:newt
.dark part of a room
.dark part of a room
.dark part of a room
.dark part of a room
.dark part of a room
.dark part of a room
.dark part of a room
.dark part of a room
wall
stone
stone
stone
stone
stone
stone
stone
stone
stone
stone
stone
stone
stone
stone
stone
stone
stone
stone
stone
stone
stone
stone
stone
stone
stone
stone
stone
stone
stone
stone
stone
stone
stone
stone
stone
stone
stone
stone
stone
stone
stone
stone
stone
stone
stone
stone
stone
stone
stone
stone
stone
stone
stone
wall
.dark part of a room
wall
wall
wall
wall
0a boulder
.dark part of a room
wall
wall
.dark part of a room
wall
stone
stone
stone
wall
.dark part of a room
.dark part of a room
.dark part of a room
.dark part of a room
.dark part of a room
.dark part of a room
.dark part of a room
.dark part of a room
.dark part of a room
wall
stone
stone
stone
stone
stone
stone
stone
stone
stone
stone
stone
stone
stone
stone
stone
stone
stone
stone
stone
stone
stone
stone
stone
stone
stone
stone
stone
stone
stone
stone
stone
stone
stone
stone
stone
stone
stone
stone
stone
stone
stone
stone
stone
stone
stone
stone
stone
stone
stone
stone
stone
stone
stone
wall
.dark part of a room
%a winter wolf cub corpse
0a boulder
.dark part of a room
0a boulder
.dark part of a room
.dark part of a room
wall
.dark part of a room
.dark part of a room
wall
stone
stone
stone
wall
.dark part of a room
.dark part of a room
.dark part of a room
.dark part of a room
.dark part of a room
.dark part of a room
.dark part of a room
.dark part of a room
.dark part of a room
wall
stone
stone
stone
stone
stone
stone
stone
stone
stone
stone
stone
stone
stone
stone
stone
stone
stone
stone
stone
stone
stone
stone
stone
stone
stone
stone
stone
stone
stone
stone
stone
stone
stone
stone
stone
stone
stone
stone
stone
stone
stone
stone
stone
stone
stone
stone
stone
stone
stone
stone
stone
stone
stone
wall
.dark part of a room
[a mummy wrapping
%a winter wolf cub corpse
.dark part of a room
0a boulder
.dark part of a room
.dark part of a room
.dark part of a room
0a boulder
wall
wall
stone
stone
stone
wall
.dark part of a room
.dark part of a room
.dark part of a room
.dark part of a room
.dark part of a room
.dark part of a room
.dark part of a room
.dark part of a room
.dark part of a room
wall
stone
stone
stone
stone
stone
stone
stone
stone
stone
stone
stone
stone
stone
stone
stone
stone
stone
stone
stone
stone
stone
stone
stone
stone
stone
stone
stone
stone
stone
stone
stone
stone
stone
stone
stone
stone
stone
stone
stone
stone
stone
stone
stone
stone
stone
stone
stone
stone
stone
stone
stone
stone
stone
wall
.dark part of a room
0a boulder
wall
.dark part of a room
.dark part of a room
.dark part of a room
wall
.dark part of a room
.dark part of a room
0a boulder
wall
stone
stone
stone
wall
.dark part of a room
.dark part of a room
.dark part of a room
.dark part of a room
<staircase up
.dark part of a room
.dark part of a room
.dark part of a room
.dark part of a room
wall
stone
stone
stone
stone
stone
stone
stone
stone
stone
stone
stone
stone
stone
stone
stone
stone
stone
stone
stone
stone
stone
stone
stone
stone
stone
stone
stone
stone
stone
stone
stone
stone
stone
stone
stone
stone
stone
stone
stone
stone
stone
stone
stone
stone
stone
stone
stone
stone
stone
stone
stone
stone
stone
wall
.dark part of a room
.dark part of a room
wall
wall
wall
wall
wall
0a boulder
wall
.dark part of a room
wall
stone
stone
stone
wall
.dark part of a room
.dark part of a room
.dark part of a room
.dark part of a room
.dark part of a room
.dark part of a room
.dark part of a room
.dark part of a room
.dark part of a room
wall
stone
stone
stone
stone
stone
stone
stone
stone
stone
stone
stone
stone
stone
stone
stone
stone
stone
stone
stone
stone
stone
stone
stone
stone
stone
stone
stone
stone
stone
stone
stone
stone
stone
stone
stone
stone
stone
stone
stone
stone
stone
stone
stone
stone
stone
stone
stone
stone
stone
stone
stone
stone
stone
wall
0a boulder
.dark part of a room
.dark part of a room
.dark part of a room
.dark part of a room
.dark part of a room
.dark part of a room
.dark part of a room
.dark part of a room
.dark part of a room
wall
stone
stone
stone
wall
.dark part of a room
.dark part of a room
.dark part of a room
.dark part of a room
.dark part of a room
.dark part of a room
.dark part of a room
.dark part of a room
.dark part of a room
wall
stone
stone
stone
stone
stone
stone
stone
stone
stone
stone
stone
stone
stone
stone
stone
stone
stone
stone
stone
stone
stone
stone
stone
stone
stone
stone
stone
stone
stone
stone
stone
stone
stone
stone
stone
stone
stone
stone
stone
stone
stone
stone
stone
stone
stone
stone
stone
stone
stone
stone
stone
stone
stone
wall
wall
.dark part of a room
>staircase down
wall
wall
wall
wall
wall
wall
wall
wall
stone
stone
stone
wall
.dark part of a room
.dark part of a room
.dark part of a room
.dark part of a room
.dark part of a room
.dark part of a room
.dark part of a room
.dark part of a room
.dark part of a room
wall
stone
stone
stone
stone
stone
stone
stone
stone
stone
stone
stone
stone
stone
stone
stone
stone
stone
stone
stone
stone
stone
stone
stone
stone
stone
stone
stone
stone
stone
stone
stone
stone
stone
stone
stone
stone
stone
stone
stone
stone
stone
stone
stone
stone
stone
stone
stone
stone
stone
stone
stone
stone
stone
stone
wall
wall
wall
wall
stone
stone
stone
stone
stone
stone
stone
stone
stone
stone
wall
wall
wall
wall
wall
wall
wall
wall
wall
wall
wall
stone
stone
stone
stone
stone
stone
stone
stone
stone
stone
stone
stone
stone
stone
stone
stone
stone
stone
stone
stone
stone
stone
stone
stone
stone
stone
stone
stone
stone
stone
stone
stone
stone
stone
stone
stone
stone
stone
stone
stone
stone
stone
stone
stone
stone
stone
stone
stone
stone
stone
stone
stone
stone
stone
stone
stone
stone
stone
stone
stone
stone
stone
stone
stone
stone
stone
stone
stone
stone
stone
stone
stone
stone
stone
stone
stone
stone
stone
stone
stone
stone
stone
stone
stone
stone
stone
stone
stone
stone
stone
stone
stone
stone
stone
stone
stone
stone
stone
stone
stone
stone
stone
stone
stone
stone
stone
stone
stone
stone
stone
stone
stone
stone
stone
stone
stone
stone
stone
stone
stone
stone
stone
stone
stone
stone
stone
stone
stone
stone
stone
stone
stone
stone
stone
stone
stone
stone
stone
stone
stone
stone
stone
stone
stone
stone
stone
stone
stone
stone
stone
stone
stone
stone
stone
stone
stone
stone
stone
stone
stone
stone
stone
stone
stone
stone
stone
stone
stone
stone
stone
stone
stone
stone
stone
stone
stone
stone
stone
stone
stone
stone
stone
stone
stone
stone
[Gandelf the Initiate ] St:17 Dx:14 Co:13 In:10 Wi:15 Ch:9 Neutral S:6429 Dlvl:5 $:711 HP:36(68) Pw:46(46) AC:2 Xp:8/1332 T:5764 Weak Burdened

Latest messages:

You hit the winter wolf cub!
The winter wolf cub bites!
You kill the winter wolf cub!
The winter wolf cub breathes frost!
The blast of frost hits you!
Your yellow potion freezes and shatters!
Some of your potions called water freeze and shatter!
Your brown potion freezes and shatters!
The blast of frost hits the pony.
The pony picks up a mummy wrapping.
The winter wolf cub breathes frost!
The blast of frost whizzes by you!
The blast of frost bounces!
The blast of frost whizzes by you!
The winter wolf cub bites!
You hit the winter wolf cub!
The winter wolf cub bites!
The winter wolf cub misses!
You hit the winter wolf cub!
The winter wolf cub bites!
You hit the winter wolf cub!
The pony drops a mummy wrapping.
The winter wolf cub bites!
You kill the winter wolf cub!
Welcome to experience level 8.
You see here a mummy wrapping.
You hit the winter wolf cub!
You hit the winter wolf cub!
The pony picks up a winter wolf cub corpse.
The winter wolf cub misses!
The winter wolf cub bites!
You kill the winter wolf cub!
You see here a glass wand.
A large kobold suddenly appears close by!
You have a little trouble lifting e - a glass wand.
You stop. Your pony is in the way!
You faint from lack of food.
The pony drops a winter wolf cub corpse.
You regain consciousness.
What do you want to eat? [h-jtQU or ?*] ?
This orange is delicious!
You only feel hungry now.
You can hear again.
You see here a winter wolf cub corpse.
You swap places with your pony.
You see here a mummy wrapping.
With great effort you move the boulder.
You are beginning to feel weak.
Really quit? [yn] (n) y
Do you want your possessions identified? [ynq] (y) q

Inventory:

Coins

$ - 711 gold pieces

Amulets

R - an uncursed amulet of ESP (being worn)

Weapons

p - a +0 bow

Armor

C - a cursed -1 pair of gauntlets of fumbling
a - an uncursed +2 pair of leather gloves (being worn)
y - an uncursed +0 pair of iron shoes (being worn)
S - an uncursed +1 robe (being worn)

Comestibles

h - 5 uncursed apples
Q - an uncursed cream pie
j - 2 uncursed fortune cookies
i - 5 uncursed oranges
t - an uncursed pancake
U - 2 cursed eggs

Scrolls

O - a blessed scroll of blank paper
W - an uncursed scroll of create monster
V - an uncursed scroll of earth
P - a cursed scroll of earth
n - an uncursed scroll of fire
J - an uncursed scroll of light

Spellbooks

c - a blessed spellbook of healing
G - a cursed spellbook of knock
K - a cursed spellbook of magic missile
L - an uncursed spellbook of wizard lock

Potions

T - an uncursed potion of see invisible
X - 2 cursed potions of sleeping
f - 4 potions of holy water

Rings

l - a blessed +1 ring of adornment (on right hand)
o - an uncursed +1 ring of adornment
E - an uncursed ring of fire resistance (on left hand)

Wands

d - a wand of lightning (0:5)
s - a wand of lightning (0:4)
x - a wand of striking (0:7)
e - a wand of teleportation (0:7)
r - a wand of undead turning (0:3)

Tools

m - a +0 grappling hook
I - an uncursed leash
q - an uncursed oil lamp
z - a +0 pick-axe
b - an uncursed towel

Gems/Stones

v - an uncursed jacinth stone
Y - 2 cursed worthless pieces of black glass
N - an uncursed worthless piece of blue glass
F - an uncursed worthless piece of orange glass
Z - a cursed worthless piece of orange glass
D - an uncursed worthless piece of white glass
u - an uncursed worthless piece of yellow glass
B - an uncursed worthless piece of yellowish brown glass
w - a cursed worthless piece of yellowish brown glass
H - an uncursed flint stone
A - 10 uncursed rocks

Gandelf the Monk's attributes:


Background:

You were an Initiate, a level 8 male human Monk.
You were neutral, on a mission for Chih Sung-tzu
who was opposed by Shan Lai Ching (lawful) and Huan Ti (chaotic).
You were in Sokoban, on level 5.
You entered the dungeon 5764 turns ago.
There was a new moon in effect when your adventure ended.
You had 1332 experience points, 1228 more were needed to attain level 9.
Your score was 6429 before end-of-game adjustments.

Basics:

You had 36 out of 68 hit points.
You had all 46 energy points (spell power).
Your armor class was 2.
Your wallet contained 711 zorkmids.
Autopickup was off.

Final Characteristics:

Your strength was 17 (base:18, limit:18/100).
Your dexterity was 14 (limit:18).
Your constitution was 13 (limit:18).
Your intelligence was 10 (limit:18).
Your wisdom was 15 (limit:18).
Your charisma was 9 (base:8, limit:18).

Final Status:

You were weak from severe hunger.
You were burdened; movement was slightly slowed.
You were empty handed.
You had basic skill with martial arts and could have enhanced that.

Final Attributes:

You were piously aligned.
You were fire resistant.
Your items were protected from fire.
You were sleep resistant.
You were poison resistant.
You saw invisible.
You were telepathic.
You were warned.
You were more charismatic.
You were stealthy.
You were guarded.
You were fast.
You survived.

Miscellaneous:
You encountered 1 bones level.
Total elapsed playing time was 1 hour, 18 minutes and 33 seconds.

Major events:

Turn

1: Gandelf the neutral male human Monk entered the dungeon
577: entered the Gnomish Mines
589: attained the rank of Novice (level 3)
2508: attained the rank of Initiate (level 6)
2714: destroyed y4k4r1's ghost, the former Pillager
3090: entered Sokoban
5575: completed 1st Sokoban level
5764: quit

Vanquished creatures:

a ghost
an ettin zombie
3 winter wolf cubs
a leprechaun
a vampire bat
a dwarf mummy
a yeti
a gold golem
2 lizards
a jaguar
a raven
a snake
a fire ant
a wood nymph
3 Uruk-hai
a rock piercer
2 fog clouds
a yellow light
a shrieker
a violet fungus
4 gnome leaders
a kobold mummy
2 gray oozes
2 ghouls
a paper golem
a giant ant
a little dog
2 floating eyes
3 dwarves
3 homunculi
a hill orc
2 rothes
a rabid rat
a giant bat
3 orc zombies
3 dwarf zombies
8 iguanas
7 killer bees
an acid blob
3 coyotes
a gas spore
4 hobbits
2 giant rats
4 cave spiders
19 gnomes
4 geckos
6 jackals
2 kobolds
a goblin
9 grid bugs
4 lichens
a kobold zombie
4 newts
137 creatures vanquished.
No species were genocided or became extinct.

Voluntary challenges:

You followed a strict vegan diet.
You read items or engraved 4 times.
You never engraved Elbereth.
You never genocided any monsters.
You never polymorphed an object.
You never changed form.
You used no wishes.
You did not violate any of the special Sokoban rules.

Achievements:

You entered the Gnomish Mines.
You attained the rank of Novice.
You entered a shop.
You attained the rank of Initiate.
You entered Sokoban.

The Dungeons of Doom: levels 1 to 8

   Level 1:
A fountain.
Level 2:
A potion shop.
Stairs down to The Gnomish Mines.
Level 3:
A fountain.
Level 4:
A fountain.
Level 5:
A fountain.
Final resting place for
y4k4r1-Bar-Orc-Fem-Cha, killed by a giant ant.
Level 6:
Level 7:
An altar to Chih Sung-tzu.
Stairs up to Sokoban, level 6.
Level 8:

The Gnomish Mines: levels 3 to 5

   Level 3:
Level 4:
Level 5:

Sokoban: levels 6 up to 5

   Level 5: <- You were here.
Unsolved.
Level 6:
Solved.

Goodbye Gandelf the Monk...


You quit in Sokoban on dungeon level 5 with 6429 points,
and 711 pieces of gold, after 5764 moves.
You were level 8 with a maximum of 68 hit points when you quit.